 Dungeon Crawl Stone Soup version 0.29.0-4-gdea44cf6ec (webtiles) character file.

Game seed: 17041274197138263863

39 Flugkiller the Trooper (level 3, 33/33 HPs)
             Began as a Minotaur Fighter on Aug 27, 2022.
             Was a Follower of Sif Muna.
             Quit the game on level 2 of the Dungeon.
             The game lasted 00:00:37 (1552 turns).

Flugkiller the Trooper (Minotaur Fighter)           Turns: 1552, Time: 00:00:38

Health: 33/33      AC:  7    Str: 20    XL:     3   Next: 26%
Magic:  2/2        EV:  9    Int:  5    God:    Sif Muna [*.....]
Gold:   72         SH:  4    Dex: 11    Spells: 2/2 levels left

rFire   . . .      SeeInvis .   a - +0 war axe
rCold   . . .      Faith    .   c - +0 buckler
rNeg    . . .      Spirit   .   b - +0 scale mail
rPois   .          Reflect  .   (helmet restricted)
rElec   .          Harm     .   (no cloak)
rCorr   .          Rampage  .   (no gloves)
Will    .....                   (no boots)
Stlth   ..........              (no amulet)
HPRegen 0.11/turn               (no ring)
MPRegen 0.08/turn               (no ring)

@: no status effects
A: horns 2, retaliatory headbutt
a: Renounce Religion, Channel Magic


You were on level 2 of the Dungeon.
You worshipped Sif Muna.
Sif Muna was aware of your devotion.
You visited 1 branch of the dungeon, and saw 2 of its levels.

You collected 72 gold pieces.

Inventory:

Hand Weapons
 a - a +0 war axe (weapon)
Armour
 b - a +0 scale mail (worn)
 c - a +0 buckler (worn)
Scrolls
 e - a scroll of immolation {unknown}
 g - a scroll of teleportation {unknown}
 i - a scroll of amnesia {unknown}
Potions
 d - a potion of might
 f - a potion of curing {unknown}
 h - a potion of lignification {unknown}


   Skills:
 + Level 4.1 Fighting
 * Level 3.7 Axes
 + Level 4.1 Armour
 - Level 3.6 Shields


You had 2 spell levels left.
You didn't know any spells.
Your spell library was empty.

Dungeon Overview and Level Annotations

Branches:
Dungeon (2/15)

Altars:
Sif Muna

Shops:
D:1 *


Innate Abilities, Weirdness & Mutations

You have a pair of horns on your head.
You reflexively headbutt those who attack you in melee.


Message History

HP restored.
Things that are here:
a +0 flail; a +2 dagger of protection; an orc corpse
Things that are here:
a +3 short sword of venom; a silver boomerang
Things that are here:
a +0 flail; a +2 dagger of protection; an orc corpse You now have 66 gold pieces (gained 9).
Found a whip.
You see here a +0 whip.
A kobold comes into view. It is wielding a +0 whip.
A kobold is nearby!
A kobold is nearby!
An adder comes into view.
You slash the kobold!
You kill the kobold!
Found 6 gold pieces.
You see here a +0 whip.
The adder bites you. The adder barely misses you.
You closely miss the adder.
The adder bites you but does no damage. x2
You hit the adder. You headbutt the adder.
The adder is heavily wounded.
The adder bites you but does no damage.
You slash the adder!
You kill the adder!
You have reached level 3!
Your experience leads to an increase in your attributes!
Increase (s)trength, (i)ntelligence, or (d)exterity?
You feel agile. x2
You now have 72 gold pieces (gained 6).
As you open the door, it creaks loudly!
A kobold comes into view. It is wielding a +0 dagger.
The kobold shouts!
A kobold is nearby!
A kobold is nearby!
A kobold is nearby!
You closely miss the kobold. The kobold barely misses you.
You furiously retaliate!
You headbutt the kobold.
You kill the kobold!
No target in view!
No target in view!
No target in view!
Found a mace.
There is an open door here.
You see here a +0 dagger.
i - a scroll labelled NAC LIVVITAUCAPTA You open the door.
There is an open door here.
A rat comes into view.
You closely miss the rat. You headbutt the rat.
You kill the rat!
No target in view!
No target in view!
No target in view!
No target in view!
No target in view!
No target in view!
There is a stone staircase leading up here.
A goblin comes into view. It is wielding a +0 dagger.
The goblin shouts!
A goblin is nearby!
A goblin is nearby!
You hit the goblin.
You kill the goblin!
No target in view!
No target in view!
No target in view!
No target in view!
No target in view!
You see here a +0 dagger.
Found a stone staircase leading up.
Found a faded altar of an unknown god.
There is a faded altar of an unknown god here.
Found a stone staircase leading up.
No target in view!
No target in view!
No target in view!
No target in view!
No target in view!
A rat comes into view.
A rat is nearby!
A rat is nearby!
Found a stone staircase leading down.
The rat completely misses you.
You barely miss the rat. The rat bites you but does no damage.
You slash the rat!
You kill the rat!
No target in view!
No target in view!
No target in view!
There is a faded altar of an unknown god here.
You cannot tell which god this altar belongs to.
Convert to them anyway?
Okay, then.
Unknown command.
Press < or > to pray at altars.
You cannot tell which god this altar belongs to.
Convert to them anyway?
Sif Muna accepts your prayer! Sif Muna welcomes you!
You can now call upon Sif Muna for magical energy.
Are you sure you want to abandon this character and quit the game? (Confirm with "yes".)

.. ##.### #.###. ...
#...# #.# #. #'# ###.#
#.# #. #.# #)# #.# #.
########.# ###### #.#
#.# #. #>.......##
#....###.# #.###.
#.........####........#
#.....
#..........##.....#####
#####.
#....<.......@.<...# #.
..........####.....##
#. ##........# ##....#
#. #........# ##.### ##
########.# ### #.# #.#
#.#


There were no monsters in sight!

Vanquished Creatures
  An adder (D:2)
  4 orcs (D:2)
  An endoplasm (D:1)
  2 giant cockroaches (D:1)
  2 goblins
  A hobgoblin (D:1)
  4 kobolds
  A quokka (D:1)
  4 bats
  2 frilled lizards (D:1)
  4 rats
26 creatures vanquished.

Notes
Turn   | Place    | Note
-------+----------+-------------------------------------------
     0 | D:1      | Flugkiller the Minotaur Fighter began the quest for the
                  | Orb.
     0 | D:1      | Reached XP level 1. HP: 19/19 MP: 0/0
   427 | D:1      | Reached XP level 2. HP: 14/27 MP: 1/1
   716 | D:1      | Found Seeda's Assorted Antiques.
  1363 | D:2      | Reached XP level 3. HP: 31/33 MP: 2/2
  1524 | D:2      | Found a faded altar of an unknown god.
  1551 | D:2      | Prayed at the altar of an unknown god.
  1551 | D:2      | Became a worshipper of Sif Muna the Loreminder
  1551 | D:2      | Reached * piety under Sif Muna
  1552 | D:2      | Quit the game

Illustrated notes

Levels and vault maps discovered:
D:1:      scummos_arrival_gate, layout_loops_corners, serial_shops,
          nicolae_shop_hallway_stairs
D:2:      layout_loops_corners, basic_ecumenical_altar

Skill      XL: |  1  2 |
---------------+-------+-----
Axes           | 3 |  3.7
Fighting       | 4 |  4.1
Armour         | 4 |  4.1
Shields        | |  3.6

Action                   || total
-------------------------++-------
Melee: War axe           ||    55
       Headbutt          ||    10
  Use: Scroll            ||     1
Armor: Scale mail        ||    29
Dodge: Dodged            ||    23
Block: Buckler           ||     7
